 Dungeon Crawl Stone Soup version 0.24-a0-250-g6074511 (webtiles) character file.

Game seed: 407551228542595927

9401 Borgoz the Slicer (level 11, 0/68 HPs)
             Began as a Kobold Gladiator on Apr 15, 2019.
             Was a Believer of Ashenzari.
             Splashed by a brown ugly thing's acid (9 damage)
             ... on level 11 of the Dungeon.
             The game lasted 00:30:15 (14078 turns).

Borgoz the Slicer (Kobold Gladiator)               Turns: 14078, Time: 00:30:16

Health: 0/68       AC: -2    Str: 14    XL:     11   Next: 73%
Magic:  0/17       EV: 23    Int: 10    God:    Ashenzari [**....]
Gold:   528        SH:  0    Dex: 17    Spells: 17/18 levels left

rFire    + . .     SeeInvis .   a - +0 rapier
rCold    + . .     Gourm    .   (shield restricted)
rNeg     . . .     Faith    .   E - +2 leather armour {rC+}
rPois    .         Spirit   +   c - +0 helmet
rElec    .         Reflect  .   p - +1 cloak
rCorr    .         Harm     .   (no gloves)
MR       .....                  (no boots)
Stlth    ++........             v - amulet of guardian spirit
HPRegen  0.21/turn              e - +2 ring of evasion
MPRegen  0.15/turn              o - ring of protection from fire

@: corroded
A: small, carnivore
a: Curse Item, Scrying, Renounce Religion


You were on level 11 of the Dungeon.
You worshipped Ashenzari.
Ashenzari was pleased with you.
You were completely stuffed.

You visited 2 branches of the dungeon, and saw 12 of its levels.

You collected 528 gold pieces.

Inventory:

Hand Weapons
 a - a +0 rapier (weapon)
 w - a +0 rapier
 A - the +7 flail of the Old World {vamp, rF+ Int+3 Dex+4}
   (You found it on level 5 of the Dungeon)

   It inflicts no extra harm, but heals its wielder when it wounds a living foe.
   It affects your intelligence (+3).
   It affects your dexterity (+4).
   It protects you from fire.
 D - a +0 rapier
 I - a +1 dagger of speed
Missiles
 B - a poisoned tomahawk (quivered)
Armour
 c - a +0 helmet (worn)
 p - a +1 cloak (worn)
 C - the +1 robe of the Shoals {MR++ Regen+ Dex-4 SInv}
   (You found it on level 9 of the Dungeon)

   It affects your dexterity (-4).
   It affects your resistance to hostile enchantments.
   It lets you see invisible.
   It increases your rate of regeneration.
 E - a +2 leather armour of cold resistance (worn)
Jewellery
 e - a +2 ring of evasion (left hand)
 j - an uncursed ring of ice
 o - a ring of protection from fire (right hand)
 v - an amulet of guardian spirit (around neck)
Wands
 b - a wand of polymorph (11)
 k - a wand of random effects (15)
 z - a wand of flame (57)
Scrolls
 d - a scroll of immolation {unknown}
 g - 2 scrolls of fog {unknown}
 i - 3 scrolls of enchant weapon
 m - a scroll of magic mapping {unknown}
 n - 3 scrolls of random uselessness {unknown}
 r - a scroll of amnesia
 t - 3 scrolls of noise {unknown}
 u - 5 scrolls of teleportation {unknown}
 x - 8 scrolls of remove curse
 y - 4 scrolls of enchant armour
Potions
 l - a potion of haste
 q - a potion of lignification
 s - 2 potions of flight
 F - 2 potions of magic
 G - 2 potions of brilliance
Comestibles
 f - 28 rations
 H - 3 chunks of flesh


   Skills:
 + Level 8.2 Fighting
 + Level 12.5 Short Blades
 - Level 2.1 Throwing
 + Level 6.1 Armour
 + Level 9.8 Dodging
 - Level 2.6 Stealth
 + Level 4.0 Spellcasting
 + Level 5.8 Hexes


You had 17 spell levels left.
You knew the following spells:

 Your Spells              Type           Power        Failure   Level  Hunger
a - Confusing Touch       Hex            ##....       2%          1    #......

Your spell library contained the following spells:

 Spells                   Type           Power        Failure   Level  Hunger
 Animate Skeleton         Necr           N/A          30%         1    #......
 Apportation              Tloc           #.....       30%         1    #......
 Summon Small Mammal      Summ           #...         30%         1    #......


Dungeon Overview and Level Annotations

Branches:
Dungeon (11/15)            Temple (1/1) D:6            Lair (0/6) D:8
    Orc: D:9-12

Altars:
Ashenzari
Cheibriados
Dithmenos
Elyvilon
Fedhas
Gozag
Hepliaklqana
Kikubaaqudgha
Makhleb
Nemelex Xobeh
Okawaru
Qazlal
Ru
Sif Muna
Trog
Uskayaw
Vehumet
Wu Jian
Xom
Yredelemnul
Zin
The Shining One

Shops:
D:5 (   D:6 (


Innate Abilities, Weirdness & Mutations

You are small and have problems with some larger weapons.
You are carnivorous and can eat meat at any time.


Message History

A worker ant zombie comes into view.
Found a ration.
There is an open door here.
You close the door.
A brown ugly thing opens the door.
You close the door.
A brown ugly thing opens the door.
What are your orders? t - Shout!
Orders for allies: a - Attack new target. r - Retreat! s - Stop attacking. g - Guard the area. f - Follow me.
Anything else - Cancel.
Retreat in which direction?
Press: ? - help, Dir - move target cursor, f - you
Okay, then.
As you read the scroll of fear, it crumbles to dust.
You assume a fearsome visage.
The worker ant zombie is unaffected.
The brown ugly thing easily resists.
The brown ugly thing engulfs you!
* * * LOW HITPOINT WARNING * * *
The acid corrodes you!
You are splashed with acid!
You die...

##.#
#...[....
#.รท#
#.<......
#.##
######'##
#.# #.#
##.# #.#
#..# #.##
###'#####
#...
#...u.%.#
###.
#...@...#
#.
#.......#
#####
#.......#
#....
#....Z..#
,....###
#.......+
##**
#.......#
######+##
, * *


You could see a brown ugly thing and a worker ant zombie (wandering).

Vanquished Creatures
  A two-headed ogre (D:7)
  2 unseen horrors (D:10)
  Psyche (D:10)
  2 trolls
  3 hippogriffs
  A wraith (D:10)
  5 yaks (D:11)
  Grum (D:8)
  Eustachio (D:5)
  A black bear (D:8)
  5 orc warriors
  5 ice beasts
  2 sky beasts
  A necrophage (D:9)
  A phantom (D:7)
  3 wolves (D:8)
  5 ogres
  A centaur (D:7)
  A big kobold (D:10)
  6 bullfrogs
  2 elf zombies (D:10)
  19 killer bees
  2 wights (D:10)
  A troll skeleton (D:10)
  4 howler monkeys
  3 crimson imps
  2 jellies
  6 orc priests
  2 centaur zombies
  3 hounds
  2 human zombies (D:10)
  3 bullfrog skeletons
  9 orc wizards
  4 iguanas
  9 worker ants
  4 mummies (D:10)
  2 hound zombies
  8 gnolls
  11 adders
  An adder skeleton (D:6)
  An adder zombie (D:6)
  4 worms
  A dart slug (D:1)
  6 leopard geckos
  30 orcs
  6 bats
  7 giant cockroaches
  9 goblins
  13 hobgoblins
  8 jackals
  2 quokkas
  A ball python (D:3)
  3 frilled lizards
  12 kobolds
  2 leopard gecko skeletons
  7 rats
  A plant (D:2)
258 creatures vanquished.

Notes
Turn   | Place    | Note
-------+----------+-------------------------------------------
     0 | D:1      | Borgoz the Kobold Gladiator began the quest for the Orb.
     0 | D:1      | Reached XP level 1. HP: 12/12 MP: 1/1
   110 | D:1      | Reached XP level 2. HP: 14/17 MP: 2/2
   249 | D:1      | Reached XP level 3. HP: 21/21 MP: 3/3
   445 | D:1      | Reached skill level 5 in Short Blades
   853 | D:2      | Reached XP level 4. HP: 26/27 MP: 4/4
   961 | D:2      | Found a shattered altar of Ashenzari.
  1086 | D:2      | Found a hide-covered altar of Uskayaw.
  1140 | D:2      | Became a worshipper of Ashenzari the Shackled
  1816 | D:3      | Reached skill level 6 in Short Blades
  1816 | D:3      | Reached XP level 5. HP: 12/31 MP: 5/5
  2212 | D:3      | Found a hazy altar of Hepliaklqana.
  2304 | D:3      | Found a faded altar of an unknown god.
  2484 | D:4      | Reached skill level 5 in Dodging
  2561 | D:4      | Reached skill level 1 in Armour
  2755 | D:4      | Reached XP level 6. HP: 19/36 MP: 2/6
  3302 | D:5      | Entered Level 5 of the Dungeon
  3302 | D:5      | Noticed an ogre
  3310 | D:5      | Killed an ogre
  3310 | D:5      | Reached skill level 7 in Short Blades
  3316 | D:5      | Reached skill level 1 in Stealth
  3316 | D:5      | Reached XP level 7. HP: 18/41 MP: 3/7
  3329 | D:5      | Got the flail of the Old World {vamp, rF+ Int+3 Dex+4}
  3547 | D:5      | Noticed Eustachio
  3578 | D:6      | Found Lurenlei's Antique Weapon Emporium.
  3578 | D:6      | Reached * piety under Ashenzari
  3637 | D:6      | Reached skill level 8 in Short Blades
  3827 | D:6      | Found a burning altar of Makhleb.
  4091 | D:6      | Reached XP level 8. HP: 27/48 MP: 4/8
  4520 | D:5      | Reached skill level 9 in Short Blades
  4591 | D:5      | Found a sparkling altar of Nemelex Xobeh.
  4741 | D:5      | Found a shimmering altar of Xom.
  4883 | D:5      | Found a radiant altar of Vehumet.
  4903 | D:5      | Found an ancient bone altar of Kikubaaqudgha.
  4904 | D:5      | Found a deep blue altar of Sif Muna.
  4918 | D:5      | Identified Sif Muna's Collected Works on Beguiling
  4946 | D:5      | Found Haenkek's Weapon Boutique.
  4974 | D:5      | Killed Eustachio
  5423 | D:7      | Reached skill level 10 in Short Blades
  5433 | D:7      | Reached XP level 9. HP: 28/53 MP: 5/9
  6231 | D:6      | Found a staircase to the Ecumenical Temple.
  6271 | Temple   | Entered the Ecumenical Temple
  6349 | Temple   | Learned a level 1 spell: Confusing Touch
  6549 | D:7      | Noticed a two-headed ogre
  6797 | D:7      | Killed a two-headed ogre
  6797 | D:7      | Reached skill level 5 in Fighting
  7839 | D:8      | Reached skill level 11 in Short Blades
  7887 | D:8      | Reached XP level 10. HP: 52/60 MP: 7/10
  8268 | D:8      | Reached ** piety under Ashenzari
  8366 | D:8      | Found a staircase to the Lair.
  8600 | D:8      | Found an opulent altar of Gozag.
  8600 | D:8      | Found a glowing silver altar of Zin.
  8628 | D:8      | Noticed Grum
  8641 | D:8      | Killed Grum
  9511 | D:9      | Reached skill level 5 in Armour
  9543 | D:9      | Reached skill level 1 in Spellcasting
  9821 | D:9      | HP: 1/61 [hippogriff (4)]
 10874 | D:9      | Got the uncursed robe of the Shoals {MR++ Regen+ Dex-4
                  | SInv}
 10924 | D:9      | Found an iron altar of Okawaru.
 11060 | D:10     | Entered Level 10 of the Dungeon
 11378 | D:10     | Found a basalt altar of Yredelemnul.
 11428 | D:10     | Reached XP level 11. HP: 62/67 MP: 11/14
 11643 | D:10     | Reached skill level 12 in Short Blades
 11760 | D:10     | Reached skill level 5 in Hexes
 12113 | D:10     | Killed an unseen horror
 12168 | D:10     | Killed an unseen horror
 12778 | D:11     | Noticed Psyche
 12799 | D:10     | Killed Psyche
 13236 | D:11     | Noticed a manticore
 13416 | D:11     | Noticed a brown ugly thing
 13431 | D:11     | HP: 3/68 [manticore (6)]
 14078 | D:11     | Splashed by a brown ugly thing's acid

Levels and vault maps discovered:
D:1:      lemuel_arrival_broad_hall, layout_basic, minmay_pentomino_q2
D:2:      layout_basic, ashenzari_conservatory_becter,
          eat_drink_and_be_merry_uskayaw, lexackson_kobold_supper
D:3:      layout_rooms, lemuel_doored_altar, chequers_ecumenical_altar_lobes
D:4:      layout_basic, first_ration
D:5:      layout_loops_ring, grunt_temple_overflow_magic_moments,
          nemelex_xobeh_ov_fountains_minmay, kennysheep_mini_moat, serial_shops,
          shop, uniq_eustachio
D:6:      layout_basic, lemuel_crystal_altar, minmay_temple_entry_glassed_door,
          serial_shops, nicolae_shop_trees, kennysheep_nondescript
D:7:      layout_basic, dk_vineyard_1
D:8:      layout_loops_corners, grunt_temple_overflow_gold_and_silver,
          lair_entry_dummy, serial_rivers, chequers_serial_rivers_large_a,
          chequers_serial_rivers_micro_e, chequers_serial_rivers_micro_e,
          chequers_serial_rivers_room_b, chequers_serial_rivers_large_b,
          chequers_serial_rivers_micro_b, uniq_grum
D:9:      layout_basic, okawaru_altar_gauntlet_db, serial_corexii_hall,
          corexii_hall_statues_deadend, corexii_hall_statues_t
D:10:     layout_long_grid, blue_anna_alchemist [blue_anna_fruit_fields,
          blue_anna_fruit_fields], lemuel_mausoleum_altar_yredelemnul
D:11:     layout_roguey, st_stairs_10, eino_jars, uniq_psyche, uniq_erica
Temple:   zaba_magenta_temple

Skill      XL: |  1  2  3  4  5  6  7  8  9 10 11 |
---------------+----------------------------------+-----
Dodging        | 4 5 6 7 9 |  9.8
Short Blades   | 5 6 7 8 10 11 12 | 12.5
Armour         | 1 2 3 4 5 6 |  6.1
Fighting       | 3 4 6 7 8 |  8.2
Stealth        | 1 2 |  2.6
Hexes          | 3 4 5 |  5.8
Spellcasting   | 2 4 |  4.0
Throwing       | |  2.1

Action                   |  1- 3 |  4- 6 |  7- 9 | 10-12 || total
-------------------------+-------+-------+-------+-------++-------
Melee: Rapier            |   161 |   253 |   469 |   915 ||  1798
Throw: Throwing net      |       |     2 |     1 |       ||     3
       Tomahawk          |       |       |     2 |     2 ||     4
 Cast: Confusing Touch   |       |       |     3 |    25 ||    28
Evoke: Wand              |       |       |       |     1 ||     1
  Use: Scroll            |       |       |    10 |     7 ||    17
       Potion            |       |       |     5 |     3 ||     8
 Stab: Held in net/web   |       |     2 |       |       ||     2
       Sleeping          |       |       |     3 |     6 ||     9
       Confused          |       |       |     2 |    26 ||    28
       Distracted        |       |       |       |     2 ||     2
  Eat: Chunk             |     7 |     9 |    15 |    21 ||    52
Armor: Leather armour    |     8 |       |    37 |   129 ||   174
       Ring mail         |    20 |    63 |    42 |       ||   125
Dodge: Dodged            |   105 |   227 |   343 |   726 ||  1401

Table legend:
 A = Non-vault XP
 B = Vault XP
 C = Vault XP percentage of total XP
 D = Non-vault monster count
 E = Vault monster count
 F = Vault count percentage of total count
                 A         B        C        D         E       F
            +---------+---------+-------+---------+---------+-------
      Total |   10884 |    2546 |  19.0 |     214 |      43 |  16.7
            +---------+---------+-------+---------+---------+-------
        D:1 |      53 |       3 |   5.4 |      29 |       2 |   6.5
        D:2 |      16 |      14 |  46.7 |       3 |       8 |  72.7
        D:3 |     130 |       0 |   0.0 |      31 |       0 |   0.0
        D:4 |     161 |       0 |   0.0 |      12 |       0 |   0.0
        D:5 |     679 |     182 |  21.1 |      12 |       1 |   7.7
        D:6 |     621 |       0 |   0.0 |      30 |       0 |   0.0
        D:7 |    1876 |       0 |   0.0 |      17 |       0 |   0.0
        D:8 |    1115 |     555 |  33.2 |      22 |       4 |  15.4
        D:9 |    1699 |      24 |   1.4 |      23 |       6 |  20.7
       D:10 |    2895 |    1274 |  30.6 |      23 |      14 |  37.8
       D:11 |    1639 |     494 |  23.2 |      12 |       8 |  40.0
            +---------+---------+-------+---------+---------+-------
